Map: Cyber Forest LE

Players

Minatoeh (Minato)

  • Race: Zerg Zerg
  • Spawn Location: 5:00

BratOK (Brat_OK) - Winner!

  • Race: Terran Terran
  • Spawn Location: 11:00

Event: 2019 WCS Spring

VOD

Have the link to the VOD?

Description

Time

  • Played on: May 17, 2019, 12:33 p.m.
  • Length: 6:39

All games in this series

Show
View Real Time Build Order
Export as new Build Order

Minatoeh Zerg 

Build Orders: Pool First 

Get SALT Encoding   

  12  0:00  Drone  
  13  0:12  Overlord  
  13  0:17  Drone  
  14  0:30  Drone x2  
  16  0:41  Spawning Pool  
  15  0:44  Drone  
  15  0:46  Extractor  
  15  0:50  Drone  
  16  0:57  Drone  
  17  1:18  Hatchery  
  16  1:20  Drone  
  16  1:24  Drone  
  18  1:29  Zergling x2  
  19  1:40  Roach Warren  
  18  1:51  Queen  
  20  1:58  Overlord  
  20  2:02  Drone  
  21  2:14  Metabolic Boost  
  22  2:18  Drone x2  
  24  2:23  Drone  
  24  2:29  Queen  
  27  2:43  Hatchery  
  26  2:47  Drone  
  26  2:49  Drone  
  28  2:51  Drone  
  28  2:53  Drone  
  28  2:55  Drone  
  31  3:01  Spore Crawler  
  31  3:05  Drone x2  
  32  3:12  Overlord  
  32  3:13  Overlord  
  32  3:16  Zergling x2  
  32  3:18  Zergling x2  
  34  3:21  Zergling x2  
  34  3:23  Zergling x2  
  36  3:32  Zergling x2  
  37  3:37  Zergling x6  
  37  3:38  Zergling x6  
  37  3:39  Zergling x2  
  44  3:43  Zergling x2  
  42  3:55  Zergling x2  
  42  3:56  Zergling x4  
  42  4:02  Zergling x4  
  46  4:04  Queen  
  46  4:05  Zergling x6  
  51  4:10  Zergling x4  
  51  4:11  Zergling x4  
  53  4:21  Zergling x2  
  53  4:22  Zergling x4  
  51  4:27  Zergling x6  
  52  4:37  Zergling x2  
  52  4:38  Zergling x6  
  54  4:47  Zergling x2  
  54  4:48  Zergling x4  
  54  4:52  Zergling x4  
  49  5:02  Drone  
  49  5:05  Drone x2  
  49  5:06  Drone  
  50  5:10  Drone  
  43  5:16  Zergling x4  
  43  5:21  Zergling x2, Spine Crawler  
  44  5:22  Zergling x8  
  44  5:23  Spine Crawler  
  48  5:31  Zergling x4  
  50  5:36  Roach Warren  
  50  5:37  Zergling x2  
  50  5:44  Overlord x2  
  50  6:04  Drone x8  
  57  6:14  Drone  
Show
View Real Time Build Order
Export as new Build Order

BratOK Terran - Winner!

Build Orders: Gas First Reaper Expand, Liberator Opening 

Get SALT Encoding   

  12  0:00  SCV  
  13  0:12  SCV  
  14  0:17  Supply Depot  
  14  0:25  SCV  
  15  0:29  Refinery  
  15  0:38  SCV  
  16  0:44  Barracks  
  16  0:50  SCV  
  17  1:02  SCV  
  18  1:15  SCV  
  19  1:31  Reaper, Orbital Command  
  20  1:42  Command Center  
  20  1:53  Factory  
  20  1:58  SCV  
  21  2:06  Refinery, Barracks Reactor  
  21  2:10  SCV  
  21  2:15  Supply Depot  
  21  2:22  SCV  
  22  2:34  SCV  
  23  2:39  Starport  
  23  2:48  SCV  
  23  2:50  Hellion x2  
  28  2:57  Orbital Command  
  28  3:01  SCV  
  28  3:04  Liberator  
  29  3:11  Barracks Tech Lab  
  29  3:13  Hellion  
  30  3:23  SCV  
  34  3:29  SCV  
  34  3:33  Supply Depot  
  35  3:35  Hellion  
  37  3:41  SCV  
  37  3:42  SCV  
  39  3:53  SCV  
  40  3:58  Hellion  
  40  3:59  Hellion  
  40  4:00  SCV  
  40  4:01  Supply Depot  
  45  4:06  SCV  
  45  4:07  Viking  
  48  4:12  SCV  
  47  4:20  Hellion x2  
  47  4:22  Liberator  
  48  4:30  SCV x2  
  45  4:41  Hellion x2  
  51  4:51  Orbital Command  
  50  4:53  SCV  
  50  5:03  Hellion x2  
  54  5:16  Supply Depot  
  54  5:18  Supply Depot  
  54  5:38  SCV, Hellion x2  
  54  5:40  SCV  
  57  5:43  Banshee  
  57  5:49  Supply Depot  
  60  5:50  SCV  
  60  5:52  SCV  
  62  5:59  Supply Depot  
  62  6:00  Hellion x2  
  66  6:06  SCV  
  67  6:14  Command Center  
  67  6:17  SCV  
  68  6:19  Supply Depot  
  66  6:25  SCV  
Tags
 
Add a new tag
Caveats
  • Supply blocks, unpowered buildings, or Contaminate may cause inaccurate times.
  • Supply counts are checked every 10 seconds.